 Dungeon Crawl Stone Soup version 0.20-a0-1121-gbb42413 (webtiles) character file.

3316 grindst0ne the Grappler (level 9, -7/199 HPs)
             Began as a Troll Monk on May 10, 2017.
             Mangled by an orc warlord
             ... wielding a +0 battleaxe
              (32 damage)
             ... in a bailey.
             The game lasted 00:15:25 (5419 turns).

grindst0ne the Grappler (Troll Monk)                Turns: 5419, Time: 00:15:26

Health: -7/199     AC: 24    Str: 26    XL:     9   Next: 71%
Magic:  8/8        EV:  1    Int:  8    God:
Gold:   308        SH:  0    Dex: 15    Spells: 8/8 levels left

rFire    . . .     SeeInvis .     - Unarmed
rCold    . . .     Gourm    +   (no shield)
rNeg     + + +     Faith    .   (armour currently unavailable)
rPois    +         Spirit   .   (helmet currently unavailable)
rElec    .         Reflect  .   (cloak currently unavailable)
rCorr    .         Harm     .   (gloves unavailable)
MR       .....     Rnd*Rage +   (boots unavailable) Stlth ..........NoTele +
                                (no amulet)
Regen    0.9/turn               y - ring of flight
MPRegen  0.2/turn               A - +2 ring of intelligence

@: mighty, berserking, tree-form, very quick
A: unfitting armour, berserk 1, blink, fast metabolism 3, gourmand, regeneration
1
a: Blink


You were in a bailey.
You were very full.
You were a tree.
You visited 1 branch of the dungeon, and saw 7 of its levels.
You also visited: Bailey.

You collected 308 gold pieces.

Inventory:

Missiles
 d - 179 stones (quivered)
 E - 2 tomahawks
Armour
 a - a +0 robe (melded)
 v - a +1 cloak (melded)
Jewellery
 s - an uncursed ring of ice
 y - a ring of flight (left branch)
 z - an uncursed ring of resist corrosion
 A - a +2 ring of intelligence (right branch)
Wands
 c - a wand of random effects (17/48)
 q - a wand of flame (31/48)
 B - a wand of confusion (18/48)
Scrolls
 e - 7 scrolls of remove curse
 f - 2 scrolls of amnesia
 g - 3 scrolls of identify
 u - a scroll of fear
 C - 2 scrolls of teleportation
 H - a scroll of enchant armour
 J - a scroll of fog
 L - a scroll of magic mapping {unknown}
Potions
 h - a potion of invisibility
 i - a potion of lignification
 k - 3 potions of curing
 l - 3 potions of brilliance
 o - a potion of resistance
 r - a potion of haste
 w - a potion of flight {unknown}
 x - a potion of agility {unknown}
 D - a potion of berserk rage {unknown}
 F - 3 potions of magic {unknown}
Books
 I - a book of Changes

   Spells                             Type                      Level
   a - Beastly Appendage              Transmutation                1
   b - Sticks to Snakes               Transmutation                2
   c - Spider Form                    Transmutation/Poison         3
   d - Ice Form                       Ice/Transmutation            4
   e - Blade Hands                    Transmutation                5
Comestibles
 b - 6 bread rations
 j - 3 meat rations
 n - 4 royal jellies
 t - 10 fruits
 G - 19 chunks of flesh


   Skills:
 + Level 6.3 Fighting
 + Level 6.2 Dodging
 - Level 1.0 Stealth
 * Level 10.2 Unarmed Combat


You had 8 spell levels left.
You didn't know any spells.

Dungeon Overview and Level Annotations

Branches:
Dungeon (7/15)
 Temple: D:4-7

Altars:
Ashenzari
Dithmenos
Xom


Innate Abilities, Weirdness & Mutations

You are too large for most types of armour.
((You have claws for hands.))
Your metabolism is lightning-fast.
You like to eat raw meat.
Your natural rate of healing is unusually fast.
((You are covered in fur. (AC +1)))
((You have very tough skin. (AC +2)))
((You have a beak for a mouth.))
((You are partially covered in yellow scales. (AC +2)))
You tend to lose your temper in combat.
You can translocate small distances at will.


Message History

The orc knight hits you with a broad axe!
* * * LOW HITPOINT WARNING * * *
You pummel the orc knight!!
The orc knight is severely wounded.
The orc warrior hits you with a broad axe!!
* * * LOW HITPOINT WARNING * * *
The orc knight completely misses you.
You pummel the orc knight!!
You kill the orc knight!
Your Dodging skill increases to level 6!
Your Unarmed Combat skill increases to level 10!
You pummel the orc warrior!!
You kill the orc warrior!
You barely miss the orc warlord.
Some of the chunks of flesh in your inventory have rotted away.
A red film seems to cover your vision as you go berserk!
You feel yourself moving faster!
You feel mighty!
You thrash the orc warlord!!!
The orc warlord is moderately wounded.
The orc warlord hits you with a battleaxe!!
You die...

##.....o...## 8
#.....⌠.g...#
##.....g...##
#.....o...# ##.......##
#.og)...# ##og)..##
##o#### ##.o♣..##
#.......# #..
##.......## ##..
#.........# #...
##.........## ##...
#.....⌠.....#######....
##.........##.....##...
#.........#.......#...
##......)##.......##).


You could see an orc warlord, an orc warrior, a gnoll, 2 orcs and a hobgoblin.

Vanquished Creatures
  An orc knight (Bailey)
  Grinder (D:4)
  A hippogriff (D:4)
  6 orc warriors
  A sky beast (D:7)
  A phantom (D:3)
  An ogre (D:6)
  A centaur (D:5)
  3 bullfrogs
  2 scorpions
  3 wights (D:6)
  An electric eel (D:7)
  A howler monkey (D:6)
  6 crimson imps
  A bullfrog zombie (D:6)
  3 hounds
  A jelly (D:5)
  3 orc priests (D:6)
  2 orc wizards (D:6)
  3 iguanas
  Terence (D:2)
  5 worker ants (D:5)
  Robin (D:2)
  12 gnolls
  9 adders
  3 shadow imps
  4 oozes
  An adder skeleton (D:6)
  A worm (D:6)
  2 dart slugs
  7 leopard geckos
  24 orcs
  A ball python (D:2)
  3 bats
  4 giant cockroaches
  25 goblins
  19 hobgoblins
  6 jackals
  5 quokkas
  6 frilled lizards
  6 kobolds
  A leopard gecko skeleton (D:4)
  5 rats
193 creatures vanquished.

Notes
Turn   | Place    | Note
-------+----------+-------------------------------------------
     0 | D:1      | grindst0ne the Troll Monk began the quest for the Orb.
     0 | D:1      | Reached XP level 1. HP: 22/22 MP: 0/0
   243 | D:1      | Reached XP level 2. HP: 28/29 MP: 1/1
   281 | D:1      | Found a shattered altar of Ashenzari.
   435 | D:1      | Reached XP level 3. HP: 36/36 MP: 2/2
  1114 | D:2      | Noticed Robin
  1120 | D:2      | Killed Robin
  1120 | D:2      | Reached skill level 4 in Unarmed Combat
  1120 | D:2      | Reached XP level 4. HP: 44/44 MP: 3/3
  1205 | D:2      | Noticed Terence
  1218 | D:2      | Killed Terence
  1727 | D:3      | Reached XP level 5. HP: 53/53 MP: 4/4
  2220 | D:3      | Noticed a phantom
  2247 | D:3      | Killed a phantom
  2247 | D:3      | Reached skill level 5 in Unarmed Combat
  2360 | D:4      | Noticed Grinder
  2399 | D:4      | Reached XP level 6. HP: 58/61 MP: 5/5
  2407 | D:4      | Killed Grinder
  2464 | D:4      | Reached skill level 6 in Unarmed Combat
  2603 | D:4      | Noticed a hippogriff
  2611 | D:4      | Killed a hippogriff
  2611 | D:4      | Reached XP level 7. HP: 60/70 MP: 6/6
  2804 | D:4      | Gained mutation: You tend to lose your temper in combat. [potion of mutation]
  2804 | D:4      | Gained mutation: You can translocate small distances at will. [potion of mutation]
  2804 | D:4      | Gained mutation: You have a beak for a mouth. [potion of mutation]
  2804 | D:4      | Gained mutation: You are partially covered in yellow scales. (AC +2) [potion of mutation]
  2815 | D:5      | Entered Level 5 of the Dungeon
  3174 | D:5      | Reached skill level 7 in Unarmed Combat
  3295 | D:5      | Found a shadowy altar of Dithmenos.
  3820 | D:5      | Reached XP level 8. HP: 79/79 MP: 7/7
  3883 | D:6      | Found a shimmering altar of Xom.
  4004 | D:6      | Reached skill level 5 in Fighting
  4113 | D:6      | Reached skill level 8 in Unarmed Combat
  4205 | D:6      | Reached skill level 5 in Dodging
  4961 | D:7      | Reached XP level 9. HP: 88/88 MP: 8/8
  4991 | D:7      | Reached skill level 9 in Unarmed Combat
  5123 | D:7      | Found a flagged portal.
  5147 | Bailey   | Entered a bailey
  5384 | Bailey   | Noticed an orc warlord
  5386 | Bailey   | Noticed an orc knight
  5416 | Bailey   | Killed an orc knight
  5416 | Bailey   | Reached skill level 10 in Unarmed Combat
  5419 | Bailey   | Mangled by an orc warlord

Vault maps used:
D:1:      saegor_arrival_simple_f, ashenzari_altar_1
D:2:      minmay_misc_feat_rows, eino_curves_03, minmay_misc_feat_secret_circle,
          uniq_robin, uniq_terence
D:3:      st_stairs_12
D:4:      first_bread, minmay_misc_feat_four_crosses, uniq_grinder
D:5:      grunt_dithmenos_shadows
D:6:      brannock_xom_greatest_gift
D:7:      cheibrodos_helix_gallery, nicolae_ru_sacrificial_ziggurat,
          temple_fountains, enter_bailey_7
Bailey:   bailey_axe_minmay_hex_keep, bailey

Skill      XL: |  1  2  3  4  5  6  7  8  9 |
---------------+----------------------------+-----
Unarmed Combat | 4 5 6 7 8 10 | 10.2
Dodging        | 3 4 5 6 |  6.2
Fighting       | 3 4 5 6 |  6.3
Stealth        | |  1.0

Action                   |  1- 3 |  4- 6 |  7- 9 || total
-------------------------+-------+-------+-------++-------
Melee: Unarmed           |    86 |   112 |   319 ||   517
       Punch             |       |     1 |     8 ||     9
       Peck              |       |       |    58 ||    58
  Use: Scroll            |       |    13 |     6 ||    19
       Potion            |       |       |     4 ||     4
 Stab: Sleeping          |       |     2 |     1 ||     3
  Eat: Chunk             |    16 |    13 |    25 ||    54
Armor: Robe              |    30 |    21 |    72 ||   123
       Skin              |       |       |     1 ||     1
Dodge: Dodged            |    49 |    54 |   146 ||   249
